Map: Avalon Labs

Players

Zrakes

  • Race: Zerg Zerg
  • League: Diamond

crazyhest

  • Race: Zerg Zerg

Infaith

  • Race: Protoss Protoss

JohnMcClane

  • Race: Protoss Protoss
  • League: Gold

Hindulaatti

  • Race: Terran Terran
  • League: Diamond

JackONeill

  • Race: Zerg Zerg

VOD

Have the link to the VOD?

Description

Time

  • Played on: Feb. 8, 2016, 11:43 a.m.
  • Length: 14:24
Show
View Real Time Build Order
Export as new Build Order

Zrakes Zerg 

Build Orders: Pool First 

Get SALT Encoding   

  12  0:01  Drone  
  13  0:12  Overlord  
  13  0:17  Drone  
  14  0:31  Drone x2  
  16  0:39  Drone  
  17  0:45  Spawning Pool  
  17  0:47  Extractor  
  15  0:50  Drone  
  16  1:14  Hatchery  
  16  1:17  Drone  
  16  1:20  Drone  
  16  1:24  Drone  
  18  1:37  Queen  
  20  1:45  Overlord  
  20  1:48  Drone  
  21  1:56  Metabolic Boost  
  21  2:05  Drone x2  
  23  2:12  Zergling x2  
  24  2:23  Zergling x2  
  25  2:32  Drone, Queen  
  28  2:38  Lair  
  28  2:47  Drone x3  
  28  2:50  Drone  
  32  2:53  Drone  
  33  2:59  Overlord  
  33  3:01  Drone  
  34  3:08  Drone x2  
  36  3:14  Overlord  
  34  3:35  Zergling x2  
  34  3:36  Zergling x10  
  34  3:40  Drone  
  34  3:41  Drone x2  
  43  3:44  Infestation Pit  
  42  3:49  Drone x2  
  42  3:54  Drone x2  
  46  4:07  Extractor  
  45  4:10  Extractor  
  45  4:11  Drone x5  
  45  4:13  Extractor  
  45  4:16  Drone  
  49  4:20  Hive  
  49  4:21  Drone  
  50  4:27  Zergling x2  
  51  4:39  Zergling x2  
  51  4:41  Overlord x6  
  52  4:48  Overlord  
  51  4:53  Evolution Chamber x2  
  51  4:54  Drone  
  51  4:58  Drone  
  51  5:03  Drone  
  52  5:29  Hatchery, Zergling x2  
  52  5:30  Zergling x10  
  52  5:32  Zergling x2, Hatchery  
  52  5:33  Zergling x6  
  60  5:38  Ultralisk Cavern  
  60  5:40  Adrenal Glands  
  59  5:51  Zerg Ground Armor Level 1  
  59  5:52  Zerg Melee Weapons Level 1  
  59  5:55  Drone x2  
  61  5:57  Drone  
  62  6:13  Viper x2  
  66  6:29  Ultralisk  
  72  6:35  Ultralisk  
  72  6:37  Chitinous Plating  
  78  6:44  Drone  
  78  6:45  Drone x4  
  78  6:47  Drone  
  84  6:48  Drone  
  84  6:50  Drone  
  84  6:51  Drone  
  86  6:54  Drone  
  86  6:55  Drone  
  86  6:57  Drone  
  84  7:02  Drone x2  
  84  7:04  Drone x2  
  86  7:31  Ultralisk  
  86  7:32  Zergling x4, Ultralisk  
  86  7:33  Zergling x10  
  105  7:40  Drone x5  
  105  7:42  Drone  
  111  7:44  Extractor  
  111  7:45  Zergling x4, Extractor  
  102  8:10  Zergling x8, Ultralisk  
  102  8:12  Overlord x3  
  112  8:22  Overlord x4  
  112  8:27  Zerg Melee Weapons Level 2  
  112  8:28  Zerg Ground Armor Level 2  
  81  8:57  Ultralisk x3  
  81  8:58  Zergling x4  
  81  8:59  Zergling x18  
  104  9:09  Ultralisk  
  110  9:12  Drone  
  110  9:13  Drone x2  
  110  9:16  Extractor  
  112  9:19  Extractor  
  111  9:25  Spore Crawler x2  
  111  9:26  Ultralisk  
  115  9:33  Ultralisk  
  120  9:43  Drone  
  120  9:44  Drone x7  
  128  9:55  Drone  
  129  10:04  Ultralisk  
  129  10:06  Pneumatized Carapace  
  119  10:31  Zergling x2, Ultralisk x2  
  119  10:32  Zergling x18  
  141  10:36  Queen  
  141  10:37  Queen  
  133  10:51  Zergling x2, Ultralisk x2  
  128  11:01  Viper  
  131  11:04  Zerg Ground Armor Level 3  
  131  11:06  Zerg Melee Weapons Level 3  
  119  11:16  Drone  
  119  11:17  Drone x7  
  123  11:19  Drone x2  
  119  11:30  Overseer x2  
  118  12:12  Zergling x12  
  118  12:13  Zergling x2, Ultralisk x4  
  118  12:14  Zergling x24  
  160  12:16  Overlord x2  
  160  12:18  Overlord  
  160  12:34  Zergling x2  
  160  12:35  Zergling x2, Ultralisk x2  
  160  12:36  Zergling x6  
  160  12:37  Zergling x2  
  150  13:07  Viper  
  150  13:08  Viper x2  
  150  13:10  Zergling x2, Ultralisk x4  
  150  13:11  Zergling x2  
  146  13:29  Overlord x2  
  146  13:30  Zergling x2  
  146  13:31  Zergling x30  
  150  13:41  Ultralisk  
  150  13:43  Zergling x6  
  157  14:04  Zergling x2  
  157  14:05  Zergling x36  
  175  14:14  Hatchery  
Show
View Real Time Build Order
Export as new Build Order

crazyhest Zerg 

Build Orders: Hatch First 

Get SALT Encoding   

  12  0:00  Drone  
  13  0:12  Overlord  
  13  0:17  Drone  
  14  0:30  Drone x2  
  14  0:34  Drone  
  17  1:02  Hatchery  
  17  1:03  Drone x2  
  18  1:09  Extractor  
  18  1:11  Drone  
  18  1:19  Spawning Pool  
  18  1:21  Drone  
  18  1:29  Drone  
  19  1:38  Overlord  
  19  1:53  Drone  
  20  2:00  Drone  
  21  2:06  Queen  
  23  2:13  Queen  
  23  2:14  Drone  
  23  2:15  Drone  
  27  2:21  Drone  
  28  2:26  Drone, Extractor  
  28  2:32  Drone  
  28  2:36  Drone  
  30  2:47  Drone  
  30  2:48  Drone  
  32  2:58  Drone x2, Evolution Chamber  
  34  3:00  Evolution Chamber  
  34  3:04  Drone  
  33  3:07  Drone  
  34  3:15  Drone x2  
  34  3:19  Overlord x2  
  36  3:20  Overlord  
  36  3:25  Zerg Missile Weapons Level 1  
  36  3:28  Zerg Ground Armor Level 1  
  36  3:40  Roach Warren  
  35  3:58  Overlord  
  35  4:07  Lair  
  35  4:20  Roach  
  35  4:21  Roach x10  
  57  4:27  Roach x2  
  57  4:28  Roach  
  63  5:05  Hydralisk Den  
  62  5:19  Extractor  
  62  5:20  Drone x3  
  64  5:21  Drone  
  64  5:23  Drone x3  
  64  5:24  Zerg Missile Weapons Level 2  
  68  5:29  Hatchery  
  67  5:45  Zerg Ground Armor Level 2  
  67  5:54  Overlord  
  67  6:01  Overlord x5  
  67  6:02  Overlord  
  62  6:29  Spore Crawler  
  62  6:31  Spine Crawler  
  60  6:33  Hydralisk x2  
  60  6:34  Hydralisk x4  
  72  6:59  Queen  
  74  7:02  Glial Reconstitution  
  74  7:06  Muscular Augments  
  74  7:10  Drone x3  
  74  7:11  Drone x2  
  74  7:12  Drone x2, Extractor  
  80  7:48  Drone  
  80  7:49  Drone x13  
  94  8:02  Overseer x4  
  94  8:11  Extractor  
  91  8:33  Ravager  
  92  8:35  Ravager  
  92  8:39  Hydralisk  
  92  8:40  Hydralisk x5, Roach x2  
  92  8:41  Roach x4  
  117  9:03  Hydralisk x3, Roach  
  117  9:04  Roach x2  
  117  9:06  Overlord  
  117  9:07  Overlord x3  
  129  9:11  Overlord  
  129  9:31  Infestation Pit  
  127  9:32  Lurker Den  
  95  10:20  Hydralisk  
  95  10:21  Hydralisk x4, Roach x2  
  97  10:22  Hydralisk, Roach x4  
  97  10:23  Roach x3  
  83  11:10  Roach  
  99  11:11  Roach x15  
  79  11:27  Hatchery  
  77  11:40  Drone x5  
  81  11:48  Drone  
  81  11:49  Drone x7  
  81  11:50  Drone x2  
  91  12:02  Zergling x2  
  91  12:03  Zergling x6  
  91  12:08  Lurker  
  96  12:35  Hydralisk x11  
  118  12:38  Zergling x2, Roach x2  
  118  12:39  Zergling x8  
  109  13:08  Queen  
  103  13:15  Roach x7  
  103  13:16  Roach x5  
  103  13:17  Zergling x2  
  103  13:18  Zergling x8  
  117  13:30  Zergling x8  
  117  13:31  Zergling x14  
  127  13:34  Extractor  
  127  13:35  Extractor  
  122  13:46  Drone x2  
  141  14:17  Lurker x2  
Show
View Real Time Build Order
Export as new Build Order

Infaith Protoss 

Build Orders:  

Get SALT Encoding   

  12  0:01  Probe (Chrono Boost)  
  13  0:11  Probe (Chrono Boost)  
  14  0:19  Pylon  
  14  0:22  Probe (Chrono Boost)  
  15  0:39  Gateway  
  15  0:41  Probe (Chrono Boost)  
  16  0:45  Assimilator  
  16  0:53  Probe (Chrono Boost)  
  17  1:03  Probe (Chrono Boost)  
  18  1:14  Probe (Chrono Boost)  
  19  1:24  Probe (Chrono Boost)  
  20  1:27  Cybernetics Core  
  20  1:30  Pylon  
  20  1:35  Probe (Chrono Boost)  
  21  1:42  Assimilator  
  21  1:45  Probe (Chrono Boost)  
  22  1:56  Probe (Chrono Boost)  
  23  2:06  Probe (Chrono Boost)  
  23  2:07  Warp Gate (Chrono Boost)  
  26  2:09  Stalker  
  26  2:17  Probe (Chrono Boost)  
  26  2:27  Probe (Chrono Boost)  
  27  2:37  Nexus  
  27  2:39  Mothership Core  
  27  2:42  Pylon  
  29  2:50  Stalker  
  31  2:58  Pylon  
  31  3:15  Gateway  
  31  3:18  Twilight Council  
  31  3:39  Stalker  
  31  3:41  Gateway  
  33  3:45  Forge  
  33  3:48  Assimilator  
  33  3:49  Probe  
  33  3:50  Probe  
  35  4:00  Probe  
  36  4:03  Probe  
  36  4:09  Blink  
  37  4:19  Pylon  
  37  4:23  Probe  
  37  4:24  Probe  
  39  4:31  Pylon  
  39  4:33  Probe  
  39  4:36  Probe  
  41  4:39  Stalker x2  
  41  4:44  Protoss Ground Weapons Level 1  
  45  4:45  Probe  
  45  4:49  Probe  
  47  4:53  Assimilator  
  47  4:56  Probe  
  48  5:01  Probe  
  48  5:07  Probe, Photon Cannon  
  50  5:26  Stalker x2  
  50  5:27  Stalker  
  56  5:44  Stargate  
  56  5:58  Probe  
  57  6:08  Stalker x3  
  57  6:09  Probe  
  64  6:19  Probe  
  65  6:28  Phoenix  
  65  6:30  Probe  
  68  6:34  Pylon  
  68  6:37  Stargate  
  68  6:40  Probe  
  69  6:53  Phoenix  
  65  7:14  Stalker x3  
  61  7:33  Robotics Facility  
  61  7:37  Void Ray x2  
  69  8:02  Robotics Facility  
  69  8:04  Pylon  
  69  8:09  Stalker x3  
  75  8:18  Nexus  
  75  8:26  Void Ray x2  
  83  8:33  Pylon  
  83  8:36  Stargate  
  83  8:37  Nexus  
  83  8:40  Protoss Shields Level 1, Protoss Air Weapons Level 1 (Chrono Boost)  
  83  9:08  Pylon  
  83  9:10  Void Ray x2  
  91  9:23  Void Ray  
  95  9:52  Void Ray  
  99  10:06  Observer x2  
  101  10:09  Void Ray  
  99  10:35  Stalker x2  
  95  10:36  Stalker  
  95  10:37  Void Ray, Probe  
  95  10:40  Probe  
  95  10:42  Assimilator  
  105  10:46  Assimilator  
  105  10:48  Probe  
  104  10:51  Probe  
  105  10:58  Probe  
  105  11:02  Probe  
  95  11:04  Stalker  
  95  11:05  Stalker  
  95  11:07  Immortal x2  
  95  11:09  Void Ray, Probe  
  98  11:12  Probe  
  98  11:15  Assimilator  
  93  11:19  Probe  
  93  11:21  Assimilator  
  93  11:23  Probe  
  95  11:30  Void Ray  
  95  11:31  Void Ray  
  103  11:33  Probe  
  104  11:44  Probe  
  104  11:45  Probe  
  106  11:54  Probe  
  106  11:56  Void Ray, Probe  
  106  11:59  Immortal  
  116  12:03  Immortal  
  116  12:05  Probe  
  116  12:06  Probe  
  122  12:15  Probe  
  122  12:17  Probe  
  123  12:26  Probe  
  123  12:27  Probe  
  125  12:47  Robotics Bay  
  114  13:23  Void Ray x3  
  114  13:26  Immortal  
  130  13:28  Immortal  
  136  14:11  Probe  
  136  14:14  Pylon  
  137  14:17  Pylon  
  137  14:20  Pylon  
Show
View Real Time Build Order
Export as new Build Order

JohnMcClane Protoss 

Build Orders:  

Get SALT Encoding   

  12  0:01  Probe (Chrono Boost)  
  13  0:11  Probe (Chrono Boost)  
  14  0:22  Probe (Chrono Boost)  
  14  0:23  Pylon  
  15  0:41  Probe (Chrono Boost)  
  16  0:45  Gateway  
  16  0:52  Probe (Chrono Boost)  
  16  0:54  Assimilator  
  17  1:02  Probe (Chrono Boost)  
  18  1:05  Pylon  
  18  1:07  Assimilator  
  18  1:14  Probe (Chrono Boost)  
  19  1:30  Probe (Chrono Boost)  
  19  1:31  Cybernetics Core  
  20  1:54  Nexus  
  20  2:03  Probe (Chrono Boost)  
  20  2:08  Warp Gate (Chrono Boost)  
  21  2:14  Mothership Core (Chrono Boost)  
  23  2:32  Probe (Chrono Boost)  
  24  2:42  Probe (Chrono Boost)  
  25  2:53  Gateway, Pylon, Probe (Chrono Boost)  
  25  2:54  Gateway  
  25  2:57  Pylon  
  26  3:05  Probe (Chrono Boost)  
  26  3:07  Probe (Chrono Boost)  
  28  3:17  Forge, Probe  
  29  3:20  Pylon  
  29  3:36  Probe  
  29  3:37  Probe  
  31  3:52  Probe, Photon Cannon  
  31  3:53  Probe, Photon Cannon  
  31  3:54  Protoss Ground Weapons Level 1  
  33  4:10  Twilight Council, Probe  
  33  4:11  Pylon  
  33  4:13  Sentry  
  33  4:14  Sentry x2  
  40  4:19  Probe  
  41  4:25  Assimilator  
  41  4:34  Probe (Chrono Boost)  
  42  4:39  Stalker x3  
  48  4:46  Assimilator, Probe (Chrono Boost)  
  48  4:48  Probe (Chrono Boost)  
  50  4:57  Probe (Chrono Boost)  
  51  5:00  Pylon  
  51  5:02  Probe (Chrono Boost)  
  52  5:07  Blink (Chrono Boost), Probe (Chrono Boost)  
  52  5:13  Probe  
  54  5:19  Probe  
  55  5:22  Stalker x3  
  55  5:25  Probe  
  62  5:31  Probe  
  62  5:33  Protoss Ground Weapons Level 2  
  63  5:41  Probe  
  64  5:49  Stalker x3  
  70  5:58  Gateway  
  70  6:01  Gateway  
  70  6:17  Stalker x3  
  76  6:39  Probe  
  77  7:35  Immortal  
  77  7:37  Stalker x3  
  79  7:58  Nexus  
  79  8:00  Pylon  
  79  8:03  Pylon  
  79  8:05  Stalker x3  
  85  8:15  Pylon  
  85  8:16  Pylon  
  85  8:17  Pylon  
  85  8:40  Photon Cannon  
  85  8:42  Gateway  
  85  8:43  Gateway  
  85  8:45  Gateway, Protoss Ground Weapons Level 3  
  71  9:03  Stalker x5  
  71  9:09  Probe  
  81  9:10  Probe x2  
  84  9:19  Probe  
  84  9:22  Probe x2  
  87  9:33  Stalker x5  
  97  9:53  Pylon  
  97  9:54  Robotics Facility  
  97  10:01  Stalker x6  
  97  10:02  Stalker x2  
  89  10:40  Stalker x3  
  89  10:41  Stalker x5  
  85  11:10  Stalker x5  
  85  11:11  Stalker x3, Protoss Ground Armor Level 1  
  81  11:24  Assimilator  
  79  11:27  Observer (Chrono Boost), Assimilator  
  80  11:35  Stalker x4  
  80  11:36  Stalker x2  
  92  12:02  Stalker  
  92  12:03  Stalker  
  92  12:04  Stalker x3  
  92  12:05  Stalker  
  104  12:27  Robotics Bay  
  104  12:28  Robotics Facility  
  104  12:32  Observer (Chrono Boost)  
  106  12:51  Observer (Chrono Boost)  
  72  13:22  Stalker x5  
  72  13:23  Stalker x2  
  74  13:37  Disruptor (Chrono Boost)  
  75  13:45  Stalker x3  
  75  13:47  Stalker x2  
  75  13:48  Stalker x2  
  59  14:07  Stalker  
  59  14:08  Stalker  
  59  14:09  Stalker x2  
  65  14:10  Stalker  
  65  14:24  Stalker x3  
Show
View Real Time Build Order
Export as new Build Order

Hindulaatti Terran 

Build Orders: MMM Bio 

Get SALT Encoding   

  12  0:02  SCV  
  13  0:14  SCV  
  14  0:26  SCV  
  14  0:27  Supply Depot  
  15  0:48  SCV  
  16  0:50  Barracks  
  16  0:57  Refinery  
  16  1:00  SCV  
  16  1:12  SCV  
  17  1:24  SCV  
  18  1:37  SCV  
  19  1:41  Marine  
  20  1:59  Orbital Command, Marine  
  21  2:04  Factory  
  21  2:06  Command Center  
  21  2:17  Marine  
  21  2:28  Supply Depot, SCV  
  22  2:40  SCV  
  23  2:52  Starport, Barracks Tech Lab  
  23  2:56  Hellion  
  23  2:58  Supply Depot  
  25  2:59  Refinery  
  25  3:00  SCV  
  26  3:18  Marine, SCV  
  28  3:21  Hellion  
  28  3:30  Stimpack  
  28  3:36  SCV  
  28  3:38  Orbital Command  
  29  3:42  Medivac  
  29  3:47  Marine  
  32  3:48  SCV  
  32  3:51  Hellion  
  35  4:10  SCV  
  35  4:16  Supply Depot  
  36  4:18  Factory Reactor, Starport Reactor  
  36  4:20  Marine  
  37  4:24  Barracks  
  37  4:27  Barracks  
  37  4:28  SCV x2  
  40  4:38  Liberator  
  39  4:41  SCV x2  
  41  4:47  Marine  
  42  4:55  Medivac  
  42  4:56  Hellion  
  42  4:57  Hellion  
  42  4:58  SCV x2  
  53  5:02  Supply Depot  
  53  5:08  Supply Depot  
  53  5:25  Hellion x2  
  57  5:29  Liberator  
  57  5:35  SCV x2  
  59  5:39  Refinery, Barracks Reactor  
  59  5:40  Refinery, Barracks Reactor  
  59  5:42  Engineering Bay  
  59  5:44  Engineering Bay  
  62  5:50  Widow Mine x2  
  62  5:52  Marauder  
  68  5:59  SCV  
  68  6:00  SCV  
  70  6:12  SCV x2  
  72  6:19  Widow Mine x2  
  76  6:27  SCV x2  
  76  6:29  Armory  
  78  6:52  Starport  
  78  6:57  Command Center  
  78  7:02  Supply Depot  
  78  7:04  Supply Depot  
  78  7:18  Marine x2  
  78  7:23  Medivac, Marauder, Marine x2, SCV x2  
  86  7:30  Starport Tech Lab  
  86  7:31  Fusion Core  
  86  7:34  Widow Mine x2  
  86  7:35  SCV x2  
  86  7:36  Marine x2  
  94  7:37  Terran Infantry Armor Level 1, Terran Infantry Weapons Level 1  
  94  7:38  Supply Depot  
  94  7:46  Combat Shields  
  94  7:53  Liberator  
  94  7:59  Supply Depot x2, Marine x2, SCV x2  
  94  8:00  Marauder  
  100  8:08  Marine x2  
  100  8:09  Widow Mine x2  
  100  8:10  Medivac  
  100  8:12  SCV  
  112  8:17  Marine x2  
  114  8:21  Marauder  
  111  8:40  Marine x4  
  115  8:43  Marauder  
  115  8:45  Barracks  
  115  8:46  Orbital Command, Barracks  
  116  8:58  Marine  
  113  9:21  Advanced Ballistics  
  113  9:27  Marine  
  113  9:28  Marauder, Marine x3  
  113  9:29  Liberator  
  119  9:33  Terran Infantry Weapons Level 2, Terran Infantry Armor Level 2  
  119  9:34  Barracks Tech Lab, Barracks Reactor, Barracks  
  119  9:36  Barracks  
  119  9:44  Hellion x2  
  119  9:45  Medivac x2, Marine x2  
  127  9:46  Marine  
  86  10:08  Liberator x2, Marauder, Marine x4  
  86  10:09  Marauder  
  88  10:21  Marine x2  
  88  10:23  Barracks Tech Lab  
  88  10:26  Marine x4  
  88  10:27  Widow Mine x2  
  104  10:29  Marine  
  104  10:30  Marauder  
  107  10:39  Marine x2  
  107  10:40  Barracks Tech Lab  
  107  10:41  High Capacity Fuel Tanks  
  107  10:42  Concussive Shells  
  107  10:44  Marine x2  
  107  10:48  Marauder  
  109  10:53  Marauder, Marine x3  
  109  10:57  Marine x2  
  94  11:01  Marine  
  90  11:17  Marauder x4  
  96  11:18  Liberator x2  
  92  11:36  Marine  
  92  11:37  Marine x2  
  92  11:38  Marauder  
  103  11:40  Orbital Command  
  103  11:58  Supply Depot  
  103  12:00  Supply Depot  
  103  12:04  Supply Depot  
  103  12:06  Supply Depot  
  101  12:38  Marine x2  
  101  12:39  Marauder x2, Marine x2  
  101  12:40  Marauder x2, Marine  
  114  12:50  Marine  
  115  12:56  Marine x2  
  103  13:00  Marauder  
  103  13:01  Marauder  
  103  13:02  Marauder, Marine x4  
  107  13:08  Marine  
  98  13:14  Marine x2  
  96  13:20  Marine x2  
  96  13:21  Marauder  
  96  13:22  Marauder, Marine x2  
  96  13:23  Marine  
  96  13:26  Marine  
  99  13:32  Marine x2  
  78  13:44  Medivac x2  
  81  13:52  SCV  
  82  14:02  Marauder x4, Marine x2  
  72  14:03  Marine x4  
  72  14:05  SCV  
Show
View Real Time Build Order
Export as new Build Order

JackONeill Zerg 

Build Orders: Hatch First, Lurkers 

Get SALT Encoding   

  12  0:01  Drone  
  13  0:08  Drone  
  14  0:16  Overlord  
  14  0:24  Drone, Extractor  
  15  0:38  Drone x2  
  17  0:44  Drone  
  18  0:56  Drone  
  19  1:02  Hatchery  
  19  1:03  Extractor  
  17  1:16  Spawning Pool  
  17  1:17  Drone  
  17  1:20  Drone  
  18  1:30  Drone  
  19  1:41  Drone  
  20  1:53  Overlord  
  20  2:02  Queen  
  20  2:04  Metabolic Boost  
  22  2:13  Zergling x4  
  22  2:14  Queen  
  26  2:16  Drone  
  27  2:26  Baneling Nest  
  27  2:29  Drone x2  
  28  2:38  Overlord  
  28  2:41  Queen  
  30  2:45  Drone  
  30  2:47  Drone  
  32  2:51  Drone  
  33  2:59  Drone x2  
  33  3:02  Spore Crawler  
  34  3:05  Spore Crawler  
  34  3:09  Baneling  
  34  3:10  Baneling  
  33  3:13  Drone x2  
  33  3:16  Drone  
  33  3:18  Drone  
  37  3:32  Zergling x6  
  40  3:42  Zergling x8  
  40  3:45  Overlord x2  
  44  4:02  Lair, Extractor  
  44  4:07  Evolution Chamber  
  42  4:15  Drone x4  
  46  4:19  Extractor  
  46  4:20  Extractor  
  44  4:27  Drone x3  
  44  4:28  Drone x2  
  44  4:29  Drone  
  50  4:34  Zerg Ground Armor Level 1  
  50  4:37  Drone  
  50  4:38  Drone  
  52  4:45  Drone  
  52  4:46  Drone x4  
  56  5:30  Hydralisk Den  
  55  5:37  Baneling  
  55  5:38  Overlord, Baneling x2  
  55  5:39  Overlord x4  
  55  5:46  Evolution Chamber  
  54  5:53  Extractor  
  53  6:08  Hatchery  
  53  6:13  Hydralisk x2  
  53  6:14  Hydralisk x5  
  53  6:15  Hydralisk x3  
  53  6:18  Muscular Augments  
  73  6:38  Zerg Ground Armor Level 2, Zerg Missile Weapons Level 1  
  73  6:43  Overlord x2  
  71  7:06  Drone x3  
  71  7:07  Drone x6  
  78  7:31  Lurker Den  
  78  7:34  Queen  
  78  7:35  Drone x4  
  78  7:36  Drone x2  
  86  7:38  Extractor  
  86  7:40  Spine Crawler, Extractor  
  80  7:59  Hydralisk x5  
  80  8:00  Hydralisk x5  
  100  8:22  Spore Crawler  
  100  8:23  Drone x6  
  100  8:24  Drone  
  94  8:48  Queen  
  80  8:49  Drone x2  
  80  8:50  Drone x7  
  80  8:51  Drone  
  92  9:00  Hydralisk x3  
  98  9:03  Lurker x4  
  98  9:04  Lurker x6  
  98  9:05  Lurker  
  109  9:15  Overlord  
  109  9:16  Overlord x4  
  109  9:20  Hydralisk  
  109  9:21  Hydralisk x2  
  115  9:27  Infestation Pit  
  114  9:46  Overseer  
  114  9:47  Overseer x2  
  114  9:48  Pneumatized Carapace  
  114  10:00  Hydralisk x6  
  114  10:01  Hydralisk  
  94  10:24  Hydralisk x5  
  94  10:25  Hydralisk x3  
  94  10:26  Hydralisk  
  97  10:35  Zergling x2  
  97  10:36  Zergling x12  
  97  10:37  Zergling x10  
  97  10:42  Lurker x2  
  111  10:45  Lurker  
  99  11:07  Zergling x4  
  99  11:08  Zergling x14  
  99  11:09  Zergling x10  
  98  11:22  Hydralisk x4  
  102  11:25  Hive  
  102  11:34  Hatchery  
  102  11:39  Lurker x4  
  105  11:41  Overlord x2  
  105  11:52  Spine Crawler  
  105  11:53  Hatchery  
  96  12:29  Hydralisk  
  89  12:30  Hydralisk x7  
  89  12:31  Hydralisk x6  
  89  12:32  Hydralisk x2  
  89  12:33  Lurker x2  
  123  12:49  Hydralisk x3  
  123  12:50  Hydralisk x3  
  107  13:20  Drone  
  107  13:21  Drone x6  
  107  13:22  Drone x3  
  85  13:29  Hydralisk  
  85  13:30  Hydralisk x5  
  85  13:46  Hydralisk x3  
  85  13:47  Hydralisk x4  
  98  13:51  Extractor  
  98  13:52  Hydralisk, Extractor  
  93  14:02  Drone  
  94  14:03  Drone x3  
  94  14:06  Zergling x6  
  94  14:07  Zergling x4  
Tags
 
Add a new tag
Caveats
  • Supply blocks, unpowered buildings, or Contaminate may cause inaccurate times.
  • Supply counts are checked every 10 seconds.